AoeStats
← willrhyd

Black Forest

508048196Analyzed
4v4 RM · 12d ago on Sep 20, 2026· 53m 9s· 8 players
Game mode
Random Map
Map size
Large (8 player)
Population
200
Speed
Normal
Resources
Standard
Victory
Conquest
Starting age
Dark Age
Ending age
Imperial Age
RankedLock teamsTeams togetherTeam positionsShared explorationLock speedFull tech treeHidden civsTurbo modeCheats
Victory
Defeat
🇿🇦 Jurchens · South Africa
1388
+20
🇮🇹 Slavs · Italy
1387
+20
🇬🇧 Portuguese · United Kingdom
1364
+21
🇷🇺 Persians · Russia
1348
+21
🇮🇳 Cumans · India
1485
-21
🇮🇳 Spanish · India
1477
-22
🇨🇴 Hindustanis · Colombia
1465
-20
🇧🇷 Armenians · Brazil
1443
-19
willrhyd
0:39 Loom
13:05 Feudal Age
14:21 Double-Bit Axe
20:08 Castle Age
24:13 Bow Saw
24:03 Horse Collar
25:01 Gold Mining
30:20 Imperial Age
30:20 Scale Mail Armor
30:59 Forging
30:34 Pikeman
32:32 Chemistry
33:09 Block Printing
34:09 Halberdier
35:06 Chain Mail Armor
36:11 Wheelbarrow
37:51 Plate Mail Armor
37:56 Iron Casting
38:36 Theocracy
41:45 Elite Organ Gun
43:50 Arquebus
48:22 Coinage
48:52 Siege Engineers
51:42 Conscription
53:53 Hand Cart
Ser_0
11:01 Feudal Age
14:43 Castle Age
13:33 Horse Collar
14:41 Double-Bit Axe
16:58 Bow Saw
23:12 Wheelbarrow
22:52 Loom
22:53 Town Watch
22:32 Pikeman
25:20 Scale Barding Armor
32:31 Forging
33:36 Gold Mining
33:40 Stone Mining
35:25 Chain Barding Armor
38:55 Imperial Age
36:37 Fortified Wall
38:51 Hand Cart
39:35 Coinage
39:38 Chain Barding Armor
39:13 Capped Ram
40:11 Masonry
40:31 Conscription
40:12 Onager
41:08 Scale Mail Armor
42:17 Chain Mail Armor
42:59 Squires
43:38 Heavy Plow
45:38 Siege Engineers
46:48 Detinets
49:24 Banking
52:17 Hand Cart
52:57 Heavy Scorpion
max_paynich
0:42 Loom
11:33 Feudal Age
10:18 Loom
11:54 Horse Collar
12:03 Double-Bit Axe
18:10 Castle Age
16:02 Town Watch
22:54 Wheelbarrow
26:17 Fervor
27:33 Hand Cart
29:45 Scale Barding Armor
29:51 Forging
31:25 Bow Saw
34:25 Imperial Age
32:00 Heavy Plow
32:03 Gold Mining
32:05 Stone Mining
33:06 Iron Casting
32:54 Chain Barding Armor
33:50 Ballistics
35:11 Conscription
35:53 Crop Rotation
36:26 Two-Man Saw
35:43 Bloodlines
36:11 Husbandry
37:52 Elite War Elephant
40:04 Murder Holes
43:36 Blast Furnace
43:11 Plate Barding Armor
44:00 Gold Shaft Mining
44:01 Stone Shaft Mining
43:31 Kamandaran
44:07 Hoardings
43:56 Fletching
45:10 Chemistry
44:21 Masonry
46:19 Capped Ram
46:22 Onager
47:18 Light Cavalry
48:34 Architecture
49:30 Hussar
Nduku
3:35 Loom
13:54 Feudal Age
14:37 Double-Bit Axe
19:30 Castle Age
18:23 Horse Collar
21:19 Heavy Plow
25:02 Bow Saw
26:08 Stone Mining
28:37 Scale Barding Armor
32:34 Wheelbarrow
31:45 Town Watch
34:51 Imperial Age
33:00 Bloodlines
32:50 Husbandry
33:34 Chain Barding Armor
33:25 Forging
34:22 Masonry
33:52 Treadmill Crane
34:26 Siege Engineers
34:07 Treadmill Crane
36:50 Chemistry
36:26 Conscription
36:28 Forging
36:12 Elite Steppe Lancer
38:08 Plate Barding Armor
39:15 Iron Casting
41:20 Blast Furnace
Theoden_King
10:08 Feudal Age
11:00 Double-Bit Axe
11:35 Loom
20:04 Wheelbarrow
22:55 Castle Age
22:39 Scale Barding Armor
22:45 Forging
22:57 Bloodlines
25:30 Bow Saw
26:24 Iron Casting
26:10 Chain Barding Armor
32:34 Imperial Age
34:38 Hand Cart
35:28 Two-Man Saw
36:52 Plate Barding Armor
36:08 Fletching
36:18 Padded Archer Armor
37:56 Cavalier
38:52 Horse Collar
39:05 Gold Mining
40:33 Chemistry
39:54 Ballistics
39:32 Bodkin Arrow
40:01 Thumb Ring
39:17 Elite Skirmisher
40:20 Light Cavalry
42:05 Hussar
AM | Tailor
11:01 Feudal Age
15:24 Castle Age
13:23 Double-Bit Axe
14:25 Horse Collar
15:29 Wheelbarrow
16:31 Bow Saw
20:18 Loom
21:09 Town Watch
22:24 Hand Cart
28:11 Imperial Age
26:00 Padded Archer Armor
28:04 Leather Archer Armor
27:48 Gold Mining
27:48 Stone Mining
27:48 Gold Mining
29:56 Chemistry
29:37 Conscription
30:09 Gold Shaft Mining
29:24 Stone Mining
30:25 Coinage
31:04 Shatagni
31:52 Siege Engineers
34:01 Heavy Camel Rider
34:51 Bloodlines
34:42 Husbandry
35:38 Scale Barding Armor
35:43 Forging
35:45 Imperial Camel Rider
36:57 Chain Barding Armor
38:17 Iron Casting
38:13 Ring Archer Armor
38:03 Heavy Plow
37:55 Stone Mining
38:39 Banking
38:09 Caravan
39:44 Plate Barding Armor
40:48 Light Cavalry
49:10 Masonry
50:24 Hussar
naYummuYan
0:48 Loom
10:19 Feudal Age
10:59 Arson
10:57 Man-at-Arms
14:02 Long Swordsman
19:09 Forging
19:01 Horse Collar
19:56 Scale Mail Armor
21:28 Fletching
33:06 Castle Age
32:25 Wheelbarrow
31:55 Pikeman
33:26 Halberdier
35:32 Double-Bit Axe
36:27 Fortified Wall
37:31 Squires
43:36 Chain Mail Armor
45:28 Iron Casting
48:01 Gambesons
snek_fan
1:19 Loom
11:25 Feudal Age
15:20 Castle Age
14:08 Horse Collar
20:11 Town Watch
22:10 Forging
29:27 Double-Bit Axe
30:35 Wheelbarrow
35:12 Imperial Age
33:42 Hand Cart
34:46 Padded Archer Armor
35:49 Bow Saw
37:49 Bloodlines
38:02 Heavy Plow
37:54 Gold Mining
38:42 Conscription
38:44 Leather Archer Armor
38:48 Elite Conquistador
38:54 Elite Conquistador
40:29 Ring Archer Armor
41:30 Husbandry
43:34 Town Patrol
43:28 Fletching
Connection lost

Rejoining the realm…

Still unreachable

The connection could not be restored.

Session expired

The server has moved on; the page needs a fresh start.